 Dungeon Crawl Stone Soup version 0.29.0-3-gbb0933ed62 (webtiles) character file.

Game seed: 15135310428338083214

9942 jamesp the Destroyer (level 11, -23/73 HPs)
             Began as a Yellow Draconian Conjurer on Aug 25, 2022.
             Was a Believer of Hepliaklqana.
             Killed from afar by a fire dragon (40 damage)
             ... with a blast of flame
             ... on level 10 of the Dungeon.
             The game lasted 00:55:16 (15350 turns).

jamesp the Destroyer (Yellow Draconian Conjurer)   Turns: 15350, Time: 00:55:17

Health: -23/73     AC:  7    Str:  9    XL:     11   Next: 29%
Magic:  0/21       EV: 12    Int: 26    God:    Hepliaklqana [**....]
Gold:   487        SH:  0    Dex: 11    Spells: 15/24 levels left

rFire   . . .      SeeInvis .   a - +7 hand axe of Haicvol {vorpal, rC+ Will+ Str-2 Int+2}
rCold   + . .      Faith    .   (no shield)
rNeg    . . .      Spirit   +   (body armour unavailable)
rPois   .          Reflect  .   (helmet restricted)
rElec   .          Harm     .   (no cloak)
rCorr   +          Rampage  .   (no gloves)
Will    ++...                   (no boots)
Stlth   ++........              t - amulet of guardian spirit
HPRegen 0.22/turn               o - ring of wizardry
MPRegen 0.17/turn               u - ring of Bapisal {Will+ Int+4}

@: no status effects
A: reduced essence, spit acid, AC +7, unfitting armour, cold-blooded, acid
resistance
a: Breathe Acid, Renounce Religion, Recall Ancestor, Ancestor Identity


You were on level 10 of the Dungeon.
You worshipped Hepliaklqana.
Hepliaklqana was pleased with you.
You visited 3 branches of the dungeon, and saw 12 of its levels.
You also visited: Ossuary.

You collected 779 gold pieces.
You spent 292 gold pieces at shops.

Inventory:

Hand Weapons
 a - the +7 hand axe of Haicvol (weapon) {vorpal, rC+ Will+ Str-2 Int+2}
   (You found it on level 5 of the Dungeon)

   It inflicts extra damage upon your enemies.
   Str:       It affects your strength (-2).
   Int:       It affects your intelligence (+2).
   rC:        It protects you from cold.
   Will:      It increases your willpower.
 e - a +0 whip
 C - the +3 long sword of Mastery {protect, rN+ Will+ Int-3 Dex+3}
   (You took it off an orc on level 5 of the Dungeon)

   It grants its wielder temporary protection when it strikes (+7 to AC).
   Int:       It affects your intelligence (-3).
   Dex:       It affects your dexterity (+3).
   rN:        It protects you from negative energy.
   Will:      It increases your willpower.
Missiles
 c - 75 stones
 f - 18 poisoned darts
 v - a throwing net
Jewellery
 o - a ring of wizardry (left hand)
 s - a ring of protection from fire
 t - an amulet of guardian spirit (around neck)
 u - the ring of Bapisal (right hand) {Will+ Int+4}
   (You found it on level 3 of the Dungeon)

   [ring of willpower]

   Int:       It affects your intelligence (+4).
   Will:      It increases your willpower.
 G - a ring of protection from cold
 O - an amulet of guardian spirit
 Q - a ring of willpower
Wands
 I - a wand of flame (19)
 P - a wand of iceblast (7)
Scrolls
 d - 3 scrolls of butterflies {unknown}
 h - a scroll of immolation {unknown}
 j - 7 scrolls of teleportation
 l - 4 scrolls of blinking
 m - a scroll of enchant weapon {unknown}
 p - 2 scrolls of magic mapping
 q - a scroll of acquirement {unknown}
 r - 3 scrolls of poison
 w - 5 scrolls of noise
 D - 2 scrolls of fear
 F - 2 scrolls of enchant armour {unknown}
 H - a scroll of amnesia {unknown}
 J - a scroll of summoning {unknown}
 K - a scroll of vulnerability {unknown}
Potions
 b - 2 potions of lignification
 g - 3 potions of might
 n - 2 potions of flight
 x - 3 potions of mutation
 y - 3 potions of magic
 z - 2 potions of ambrosia
 A - 2 potions of attraction
 B - a potion of haste
 E - 2 potions of degeneration
 L - a potion of invisibility
 M - 2 potions of cancellation
 N - a potion of resistance


   Skills:
 - Level 3.0 Fighting
 + Level 8.3 Axes
 - Level 3.0 Dodging
 - Level 1.7 Stealth
 + Level 7.2 Spellcasting
 + Level 11.0 Conjurations
 + Level 5.4 Summonings
 - Level 7.0 Invocations


You had 15 spell levels left.
You knew the following spells:

 Your Spells              Type           Power      Damage    Failure   Level
a - Magic Dart            Conj           100%       1d8       1%          1
b - Searing Ray           Conj           100%       2d8       1%          2
c - Call Canine Familiar  Summ           37%        N/A       1%          3
d - Summon Guardian Gole  Hex/Summ       23%        N/A       2%          3

Your spell library contained the following spells:

 Spells                   Type           Power      Damage    Failure   Level
 Summon Small Mammal      Summ           100%       N/A       1%          1
 Dazzling Flash           Conj/Hex       74%        N/A       1%          3
 Stone Arrow              Conj/Erth      74%        3d11      1%          3
 Sandblast                Erth           18%        2d7       2%          1
 Fulminant Prism          Conj/Hex       18%        3d11      2%          4
 Iskenderun's Mystic Bla  Conj/Tloc      37%        2d9       2%          4
 Passwall                 Tmut/Erth      7%         N/A       4%          2
 Alistair's Intoxication  Tmut/Pois      6%         N/A       52%         5
 Borgnjor's Vile Clutch   Necr/Erth      4%         N/A       52%         5
 Eringya's Noxious Bog    Tmut/Pois      4%         N/A       97%         6


Dungeon Overview and Level Annotations

Branches:
Dungeon (10/15)            Temple (1/1) D:4            Lair (1/5) D:9
Ossuary (visited)
    Orc: D:9-12

Altars:
Elyvilon
Hepliaklqana
Okawaru
Qazlal
Trog
Wu Jian
Yredelemnul
The Shining One

Shops:
D:3 *   D:6 [*:(   D:7 :=*   D:8 (

Annotations:
D:5 3 runed translucent doors, Gurantaxtaxq's ghost, novice DECj


Innate Abilities, Weirdness & Mutations

Your life essence is reduced to manifest your ancestor. (-10% HP)
You can spit globs of acid.
Your golden yellow scales are hard. (AC +7)
You cannot fit into any form of body armour.
You are cold-blooded and may be slowed by cold attacks.
You are resistant to acid. (rCorr)


Message History

You hit the fire dragon but do no damage.
The fire dragon is heavily wounded.
Your wolf bites the fire dragon but does no damage.
The fire dragon breathes flames at you. The blast of flame hits you!!
Your wolf barely misses the fire dragon.
Vusi hits the fire dragon but does no damage.
You hit the fire dragon but do no damage.
The fire dragon is moderately wounded.
Your wolf bites the fire dragon but does no damage.
The fire dragon bites you.
* * * LOW HITPOINT WARNING * * *
The fire dragon claws you.
* * * LOW HITPOINT WARNING * * *
The fire dragon tramples you but does no damage.
Vusi hits the fire dragon with a +0 flail.
You feel better.
Your wolf barely misses the fire dragon.
The fire dragon bites you. The fire dragon claws you.
* * * LOW HITPOINT WARNING * * *
The fire dragon tramples you.
* * * LOW HITPOINT WARNING * * *
You stumble backwards!
Your wolf bites the fire dragon!
Press: ? - help, Shift-Dir - straight line, f - fire dragon
Aim: a fire dragon (heavily wounded, not watching you, ally target, 74% to hit)
Really spit acid near your guardian golem and wolf?
Okay, then.
You catch the helpless fire dragon completely off-guard!
You hit the fire dragon but do no damage.
You tail-slap the fire dragon, but do no damage.
The fire dragon is heavily wounded.
The fire dragon closely misses you. The fire dragon barely misses you.
The fire dragon tramples you.
You stumble backwards!
Your wolf bites the fire dragon.
You closely miss the fire dragon.
Your tail-slap misses the fire dragon.
The fire dragon is heavily wounded.
The fire dragon breathes flames at you. The blast of flame hits you!!!
Ouch! That really hurt!
You die...

...#...###.....#...
...##.........##..#
#..#......####....
#..###..........#
##....#####.....##.
#...R.....)........
#####...9.......######
........hD.......#
......#..@÷.÷....#
......##.).......#
#######..........#
#############...........#
...###...####..#........'..
...###....###..#........###
...###....###..##########
#...#...#..##..#
##.....##..#..##


You could see the friendly Vusi the knight (sheltered), a fire dragon (catching
breath, ally target), a friendly guardian golem (summoned, inner flame) and a
friendly wolf (summoned, sheltered).

Vanquished Creatures
  A komodo dragon (D:7)
  Maggie (D:7)
  Sigmund (D:6)
  3 yaks
  3 shadows
  5 wyverns
  2 vampire mosquitoes (D:7)
  2 water moccasins (D:9)
  2 sky beasts (D:7)
  An ice beast (D:8)
  An orc warrior (D:8)
  A black bear (D:7)
  An ogre (D:4)
  2 centaurs
  A phantom (D:7)
  A kobold brigand (D:9)
  A bullfrog (D:8)
  4 necrophages
  12 scorpions
  4 wights (D:6)
  5 killer bees
  4 howler monkeys
  4 hounds
  A jelly (D:7)
  2 orc priests (D:8)
  A human zombie (Ossuary)
  3 scorpion zombies (Ossuary)
  3 iguanas
  3 orc wizards
  2 mummies
  12 gnolls
  4 adders
  A shadow imp (D:8)
  2 worms
  2 dart slugs
  23 orcs
  6 ball pythons
  7 endoplasms
  2 giant cockroaches (D:1)
  6 goblins
  9 hobgoblins
  6 jackals (D:3)
  6 kobolds
  5 quokkas
  3 bats
  4 frilled lizards
  2 goblin zombies (Ossuary)
  2 kobold zombies (Ossuary)
  3 orc zombies (Ossuary)
  3 rats
185 creatures vanquished.

Vanquished Creatures (collateral kills)
  A centaur warrior (D:10)
  A hornet (D:10)
  A troll (D:10)
  A shadow (D:7)
  10 yaks
  A basilisk (D:9)
  A sky beast (D:6)
  2 ogres
  A black bear (D:7)
  2 bullfrogs
  A gnoll sergeant (D:8)
  2 scorpions (Ossuary)
  3 howler monkeys
  3 hounds (D:7)
  A gnoll bouda (D:6)
  2 iguanas
  2 orc wizards
  2 scorpion zombies (Ossuary)
  2 mummies (Ossuary)
  An adder (D:5)
  4 gnolls
  3 orcs
  2 goblin zombies (Ossuary)
49 creatures vanquished.

Vanquished Creatures (others)
  A yak (D:10)
  4 ancestors
  3 bushes (D:9)
  3 fungi (D:9)
  23 plants
34 creatures vanquished.

Grand Total: 268 creatures vanquished

Notes
Turn   | Place    | Note
-------+----------+-------------------------------------------
     0 | D:1      | jamesp the Draconian Conjurer began the quest for the Orb.
     0 | D:1      | Reached XP level 1. HP: 14/14 MP: 3/3
   453 | D:1      | Reached XP level 2. HP: 17/20 MP: 3/5
   913 | D:1      | Found a faded altar of an unknown god.
  1744 | D:2      | Reached XP level 3. HP: 26/26 MP: 4/6
  2544 | D:2      | Learned a level 2 spell: Searing Ray
  2577 | D:2      | Learned a level 3 spell: Call Canine Familiar
  2725 | D:2      | Reached XP level 4. HP: 25/33 MP: 6/8
  3484 | D:3      | Found an iron altar of Okawaru.
  4111 | D:3      | Identified the ring of Bapisal {Will+ Int+4}
  4453 | D:3      | Found Athur's General Store.
  4461 | D:3      | Bought a potion of curing for 36 gold pieces
  4461 | D:3      | Bought a scroll of teleportation for 36 gold pieces
  4461 | D:3      | Bought a scroll of noise for 12 gold pieces
  4878 | D:4      | Reached skill level 5 in Conjurations
  4878 | D:4      | Reached XP level 5. HP: 38/38 MP: 3/9
  5070 | D:4      | Noticed an ogre
  5082 | D:4      | Killed an ogre
  5147 | D:4      | Reached XP level 6. HP: 40/45 MP: 6/12
  5549 | D:4      | Found a staircase to the Ecumenical Temple.
  5571 | Temple   | Entered the Ecumenical Temple
  5580 | Temple   | Became a worshipper of Hepliaklqana the Forgotten
  5722 | D:5      | Entered Level 5 of the Dungeon
  5947 | D:5      | Reached skill level 6 in Conjurations
  6110 | D:5      | Identified the +3 long sword of Mastery {protect, rN+ Will+
                  | Int-3 Dex+3}
  6148 | D:5      | Reached skill level 1 in Fighting
  6149 | D:5      | Your scales start taking on a golden yellow colour.
  6149 | D:5      | Reached XP level 7. HP: 14/52 MP: 1/14
  6149 | D:5      | Gained mutation: You are resistant to acid. (rCorr) [Yellow
                  | Draconian growth]
  6420 | D:5      | Found a runed translucent gate.
  6421 | D:5      | Found a runed translucent gate.
  6421 | D:5      | Identified the +0 plate armour of the Ant {Regen+ Dex+7}
  6421 | D:5      | Noticed Gurantaxtaxq's ghost (novice DECj)
  6422 | D:5      | Found a runed translucent gate.
  6422 | D:5      | Identified the +6 spear of Harmony {protect, *Slow rC++
                  | Dex+5}
  6422 | D:5      | Identified the +6 chain mail "Meinel" {rElec Int-3 Dex+3}
  6424 | D:5      | Identified the +7 hand axe of Haicvol {vorpal, rC+ Will+
                  | Str-2 Int+2}
  6673 | D:5      | Reached * piety under Hepliaklqana
  6782 | D:5      | Reached skill level 5 in Spellcasting
  7240 | D:5      | Reached skill level 1 in Invocations
  7427 | D:6      | Noticed Sigmund
  7433 | D:6      | Killed Sigmund
  7434 | D:6      | Reached skill level 1 in Axes
  7434 | D:6      | Reached skill level 7 in Conjurations
  7434 | D:6      | Reached XP level 8. HP: 56/56 MP: 9/15
  7727 | D:6      | Found Cidyob's Weapon Shoppe.
  8003 | D:6      | Found Wijanay's General Store.
  8011 | D:6      | Bought a scroll of identify for 26 gold pieces
  8011 | D:6      | Bought a scroll of identify for 26 gold pieces
  8011 | D:6      | Bought a scroll of fear for 52 gold pieces
  8011 | D:6      | Bought a potion of mutation for 104 gold pieces
  8040 | D:6      | Found Plog's Vocational Training.
  8636 | D:6      | Found Eseakha's Antique Armour Shoppe.
  8961 | D:7      | Reached skill level 8 in Conjurations
  8977 | D:7      | Found Tiqoimis's Book Boutique.
  9059 | D:7      | Noticed Maggie
  9073 | D:7      | Killed Maggie
  9074 | D:7      | Reached skill level 5 in Invocations
  9074 | D:7      | Reached XP level 9. HP: 28/62 MP: 3/16
  9489 | D:7      | Reached skill level 5 in Axes
  9491 | D:7      | Noticed a komodo dragon
  9755 | D:7      | Reached skill level 9 in Conjurations
  9877 | D:7      | Found Veeb's Jewellery Shop.
 10090 | D:7      | Found Debaib's Assorted Antiques.
 10287 | D:7      | Killed a komodo dragon
 10537 | D:7      | Reached skill level 1 in Summonings
 10779 | D:8      | Found Safuifa's Weapon Boutique.
 10809 | D:8      | Reached XP level 10. HP: 20/69 MP: 6/17
 10829 | D:8      | Found a sand-covered staircase.
 10841 | Ossuary  | Entered an ossuary
 10841 | Ossuary  | Reached ** piety under Hepliaklqana
 12247 | D:8      | Found a white marble altar of Elyvilon.
 12256 | D:8      | Found a bloodstained altar of Trog.
 12461 | D:9      | Reached skill level 10 in Conjurations
 12641 | D:9      | Learned a level 3 spell: Summon Guardian Golem
 13431 | D:9      | Remembered your ancestor Vusi as a knight
 14219 | D:9      | Found a staircase to the Lair.
 14487 | Lair:1   | Entered Level 1 of the Lair of Beasts
 14521 | D:10     | Entered Level 10 of the Dungeon
 14638 | D:10     | Reached XP level 11. HP: 52/73 MP: 14/21
 14915 | D:10     | Paralysed by a hornet for 1 turns
 14924 | D:10     | Reached skill level 5 in Summonings
 14929 | D:10     | Noticed a centaur warrior
 15166 | D:10     | Killed a centaur warrior
 15336 | D:10     | Reached skill level 11 in Conjurations
 15336 | D:10     | Noticed a fire dragon
 15350 | D:10     | Killed from afar by a fire dragon

Illustrated notes

Levels and vault maps discovered:
D:1:      scummos_arrival_simple_fountains, layout_loops_ring,
          dreamdust_ecumenical_altar_hidden_monk_grotto, roderic_serpentine_path
D:2:      layout_basic
D:3:      layout_basic, amcnicky_altar_gilded, serial_shops, shop
D:4:      layout_cave_pools, minmay_temple_entry_glassed_door
D:5:      layout_loops_corners, biasface_ghost_orc_armoury
D:6:      layout_basic, serial_shops, nicolae_shop_hallway_stairs,
          nicolae_shop_stone, nicolae_shop_behind_doors,
          nicolae_shop_vocational, uniq_sigmund
D:7:      layout_basic, serial_shops, nicolae_square_shop,
          nicolae_shop_hallway_stairs, nicolae_shop_crystal,
          minmay_shattered_shrine, uniq_maggie
D:8:      layout_basic, mainiacjoe_overflow_swirl, gup_ossuary_entry_pyramid,
          serial_shops, shop
D:9:      layout_gridville, minmay_lair_entry_grove,
          chequers_serial_rivers_large_a
D:10:     layout_basic, david_orc_4, enter_trove_5, hangedman_glass_teeth,
          minmay_radiant
Temple:   nicolae_temple_bog_church
Lair:1:   layout_long_grid, st_stairs_4, nicolae_quartered_pool_super,
          minmay_hedge_maze

Skill      XL: |  1  2  3  4  5  6  7  8  9 10 11 |
---------------+----------------------------------+-----
Dodging        | 2 3 |  3.0
Spellcasting   | 3 4 5 6 7 |  7.2
Conjurations   | 5 6 7 8 9 10 11 | 11.0
Fighting       | 1 3 |  3.0
Invocations    | 2 5 7 |  7.0
Axes           | 1 4 6 7 8 |  8.3
Summonings     | 1 4 5 |  5.4
Stealth        | |  1.7

Action                   |  1- 3 |  4- 6 |  7- 9 | 10-12 || total
-------------------------+-------+-------+-------+-------++-------
Melee: Whip              |    38 |    31 |       |       ||    69
       Unarmed           |     2 |       |       |       ||     2
       Tailslap          |     6 |     7 |    15 |    40 ||    68
       Punch             |       |     1 |       |     5 ||     6
       Hand axe          |       |       |   155 |   219 ||   374
 Cast: Magic Dart        |    77 |    85 |    73 |    12 ||   247
       Searing Ray       |       |    12 |    11 |     2 ||    25
       Call Canine Famil |       |       |       |    12 ||    12
       Summon Guardian G |       |       |       |     6 ||     6
Invok: Recall Ancestor   |       |       |       |     2 ||     2
       Ancestor Life: Kn |       |       |       |     1 ||     1
 Abil: Breathe Acid      |       |       |     5 |     6 ||    11
Evoke: Wand              |       |       |     1 |       ||     1
  Use: Scroll            |     1 |     1 |     9 |     5 ||    16
       Potion            |       |       |     5 |     5 ||    10
 Stab: Sleeping          |     1 |     1 |     1 |       ||     3
       Distracted        |       |       |       |     1 ||     1
Armor: Skin              |    13 |    24 |    54 |    67 ||   158
Dodge: Dodged            |    35 |    31 |   108 |   128 ||   302
